 Dungeon Crawl Stone Soup version 0.29-a0-11-ga75d3d97ab (webtiles) character file.

Game seed: 7203224779569004863

424 kae the Ruffian (level 6, 0/50 HPs)
             Began as a Draconian Transmuter on Jan 28, 2022.
             Slain by a ball python (1 damage)
             ... in a sewer.
             The game lasted 00:03:51 (4688 turns).

kae the Ruffian (Draconian Transmuter)              Turns: 4688, Time: 00:03:51

Health: 0/50       AC:  2    Str: 12    XL:     6   Next: 64%
Magic:  6/10       EV: 16    Int: 16    God:
Gold:   49         SH:  0    Dex: 16    Spells: 2/10 levels left

rFire   . . .      SeeInvis .     - Unarmed
rCold   . . .      Faith    .   (shield currently unavailable)
rNeg    . . .      Spirit   .   (armour unavailable)
rPois   x          Reflect  .   (helmet currently unavailable)
rElec   .          Harm     .   (cloak currently unavailable)
rCorr   .          Rampage  .   (gloves currently unavailable)
Will    .....                   (boots currently unavailable)
Stlth   +.........              (no amulet)
HPRegen 0.16/turn               (no ring)
MPRegen 0.12/turn               (no ring)

@: spider-form (expiring), flying, constricted
A: venomous fangs, AC +6, tiny, unfitting armour, (cold-blooded)
a: End Transformation


You were in a sewer.
You were a venomous arachnid creature.
You visited 1 branch of the dungeon, and saw 3 of its levels.
You also visited: Sewer.

You collected 49 gold pieces.

Inventory:

Armour
 d - a +1 pair of boots (melded)
Jewellery
 a - a ring of fire
Wands
 e - a wand of polymorph (10)
Scrolls
 c - a scroll of identify
 h - a scroll of teleportation {unknown}
 j - a scroll of enchant weapon {unknown}
 k - a scroll of enchant armour {unknown}
 l - a scroll of blinking {unknown}


   Skills:
 + Level 2.6 Fighting
 + Level 2.6 Dodging
 * Level 4.4 Unarmed Combat
 + Level 2.9 Spellcasting
 * Level 3.7 Transmutations
 * Level 1.8 Ice Magic
 * Level 1.8 Poison Magic


You had 2 spell levels left.
You knew the following spells:

 Your Spells              Type           Power      Damage    Failure   Level
a - Beastly Appendage     Tmut           28%        N/A       13%         1
b - Spider Form           Tmut/Pois      11%        N/A       38%         3
c - Ice Form              Ice/Tmut       11%        N/A       73%         4

Your spell library contained the following spells:

 Spells                   Type           Power      Damage    Failure   Level
 Wereblood                Tmut           14%        N/A       17%         2
 Freeze                   Ice            32%        1d5       22%         1
 Frozen Ramparts          Ice            16%        1d3       47%         3
 Call Canine Familiar     Summ           2%         N/A       71%         3
 Portal Projectile        Hex/Tloc       4%         N/A       71%         3
 Hailstorm                Conj/Ice       5%         3d4       91%         4
 Leda's Liquefaction      Hex/Erth       1%         N/A       96%         4


Dungeon Overview and Level Annotations

Branches:
Dungeon (3/15)              Sewer (1/1)

Altars:


Innate Abilities, Weirdness & Mutations

You are a venomous arachnid creature.
You have poisonous fangs.
You are tiny and dextrous.
Your spellcasting is less reliable in this form.
Your armour is entirely melded.
You are incapable of wielding weapons or throwing items.
((Your plain brown scales are hard. (AC +6)))
You cannot fit into any form of body armour.
((You are cold-blooded and may be slowed by cold attacks.))


Message History

The bullfrog is moderately wounded.
The bullfrog hits you.
* * * LOW HITPOINT WARNING * * *
The adder bites you but does no damage. The ball python barely misses you.
The ball python constricts you.
* * * LOW HITPOINT WARNING * * *
The ball python closely misses you. x2; The bullfrog hits you.
* * * LOW HITPOINT WARNING * * *
The adder misses you.
You bite the bullfrog!
The bullfrog looks as sick as possible!
The bullfrog is almost dead.
You kill the bullfrog!
The ball python barely misses you. The ball python constricts you.
The ball python closely misses you. x2
You hit the ball python.
The ball python is poisoned.
The ball python is moderately wounded.
Your transformation is almost over.
The ball python misses you. The ball python constricts you.
The ball python closely misses you. x2; The adder closely misses you.
The ball python misses you. The ball python barely misses you.
The ball python constricts you.
* * * LOW HITPOINT WARNING * * *
You aren't carrying any potions.
Unknown command.
As you read the scroll labelled GOAMME KESUHIUW, it crumbles to dust.
Your body is wracked with pain!
* * * LOW HITPOINT WARNING * * *
The adder convulses!
The ball python convulses!
It was a scroll of torment.
The ball python closely misses you. The ball python misses you.
The adder misses you. The ball python misses you. The ball python bites you.
* * * LOW HITPOINT WARNING * * *
The ball python constricts you.
As you read the scroll labelled NURCHIT EGEHO, it crumbles to dust.
It is a scroll of brand weapon.
You aren't carrying any weapons that can be branded.
The ball python bites you.
* * * LOW HITPOINT WARNING * * *
The adder misses you. The ball python closely misses you.
The ball python bites you.
You die...

#..≈.≈.##..#
#..÷÷.
#≈≈≈≈≈≈#####
#≈≈≈≈≈
#≈≈≈≈≈≈#
#≈≈≈÷≈
#≈≈≈≈≈≈#
#≈≈≈≈≈
#≈≈≈≈≈≈#
#≈≈÷≈≈
#≈≈≈≈≈≈#
#≈÷≈≈≈
#≈≈≈≈≈≈#
#≈...≈
#≈S#≈≈≈#
#≈...≈
#≈sS≈≈≈#
#≈.≈.≈
#SSS≈≈≈#
#≈≈≈≈≈
#≈l≈≈≈≈#
#≈≈≈≈≈
#≈≈≈≈≈≈#
#≈≈≈≈≈
#≈≈≈≈≈≈#
#≈≈≈≈≈
#≈≈≈≈≈≈#
#≈≈≈≈≈
#≈≈≈≈≈≈#
#≈≈≈≈≈
#≈≈≈≈≈≈#
#≈≈≈≈≈
#...≈..#
##≈..≈


You could see an adder, 4 ball pythons and a frilled lizard.

Vanquished Creatures
  2 bullfrogs (Sewer)
  Natasha (thrice) (D:2)
  An iguana (D:2)
  5 adders
  6 river rats
  2 worms
  An orc (D:3)
  12 ball pythons
  5 endoplasms
  2 giant cockroaches
  4 goblins
  2 hobgoblins
  11 jackals
  2 quokkas
  2 bats (D:2)
  4 frilled lizards
  5 kobolds
  29 rats
98 creatures vanquished.

Vanquished Creatures (collateral kills)
  A ball python (Sewer)
1 creature vanquished.

Grand Total: 99 creatures vanquished

Notes
Turn   | Place    | Note
-------+----------+-------------------------------------------
     0 | D:1      | kae the Draconian Transmuter began the quest for the Orb.
     0 | D:1      | Reached XP level 1. HP: 16/16 MP: 3/3
   274 | D:1      | Reached XP level 2. HP: 23/23 MP: 3/5
  1078 | D:1      | Found a faded altar of an unknown god.
  1367 | D:2      | Reached XP level 3. HP: 26/28 MP: 4/6
  2235 | D:2      | Reached XP level 4. HP: 36/36 MP: 5/7
  2354 | D:2      | Noticed Natasha
  2362 | D:2      | Killed Natasha
  2608 | D:2      | Noticed Natasha
  2615 | D:2      | Killed Natasha
  2616 | D:2      | Reached skill level 4 in Unarmed Combat
  2621 | D:2      | Learned a level 3 spell: Spider Form
  2626 | D:2      | Learned a level 4 spell: Ice Form
  2851 | D:2      | Noticed Natasha
  2864 | D:2      | Killed Natasha
  2865 | D:2      | Reached XP level 5. HP: 33/41 MP: 5/8
  3480 | D:3      | Found a glowing drain.
  3550 | Sewer    | Entered a sewer
  4051 | Sewer    | Reached skill level 1 in Ice Magic
  4051 | Sewer    | Reached skill level 1 in Poison Magic
  4365 | Sewer    | Reached XP level 6. HP: 13/48 MP: 2/10
  4688 | Sewer    | HP: 1/50 [ball python (3)]
  4688 | Sewer    | Slain by a ball python

Illustrated notes

Levels and vault maps discovered:
D:1:      amcnicky_arrival_single_pillar, layout_basic,
          shapermc_ecumenical_altar_starsandcircs, minmay_misc_feat_x
D:2:      layout_loops_ring, uniq_natasha
D:3:      layout_basic, mainiacjoe_overflow_big_doors, gup_sewer_entry_spiral,
          minmay_close_crescents
Sewer:    sewer_minmay_w

Skill      XL: |  1  2  3  4  5 |
---------------+----------------+-----
Dodging        | 2 |  2.6
Transmutations | 3 |  3.7
Fighting       | 2 |  2.6
Unarmed Combat | 4 |  4.4
Ice Magic      | 1 |  1.8
Poison Magic   | 1 |  1.8
Spellcasting   | |  2.9

Action                   |  1- 3 |  4- 6 || total
-------------------------+-------+-------++-------
Melee: Unarmed           |   119 |   188 ||   307
       Kick              |    13 |    11 ||    24
       Headbutt          |    14 |     9 ||    23
       Tailslap          |    10 |     8 ||    18
       Punch             |     2 |     2 ||     4
 Cast: Beastly Appendage |    26 |     9 ||    35
       Spider Form       |       |    12 ||    12
  Use: Scroll            |     2 |     4 ||     6
       Potion            |       |     5 ||     5
Armor: Skin              |    31 |    65 ||    96
Dodge: Dodged            |    78 |   275 ||   353

Table legend: (Time is in decaauts)
 A = Elapsed time spent in this place.
 B = Non-inter-level travel time spent in this place.
 C = Inter-level travel time spent in this place.
 D = Time resting spent in this place.
 E = Time spent auto-exploring this place.
 F = Levels seen in this place.
 G = Mean time per level.
                   A        B        C        D        E       F      G
               +--------+--------+--------+--------+--------+-----+--------+
         Total |   4756 |   4669 |     87 |    497 |   3251 |   4 | 1189.0 |
       Dungeon |   3575 |   3488 |     87 |    131 |   2702 |   3 | 1191.7 |
         Sewer |   1180 |   1180 |      0 |    366 |    548 |   1 | 1180.0 |
               +--------+--------+--------+--------+--------+-----+--------+

Top non-repeatable levels by time:
     D:2: 1848 daAuts
     D:1: 1329 daAuts
   Sewer: 1180 daAuts
     D:3: 398 daAuts
